 Dungeon Crawl Stone Soup version 0.26.1-2-gb8aa6d0cf2 (webtiles) character file.

Game seed: 9681662856784184176

63 Gadfly the Skirmisher (level 4, -1/48 HPs)
             Began as an Ogre Monk on Feb 13, 2021.
             Slain by Sigmund
             ... wielding a +5 vorpal scythe
              (6 damage)
             ... on level 3 of the Dungeon.
             The game lasted 00:03:05 (1914 turns).

Gadfly the Skirmisher (Ogre Monk)                   Turns: 1914, Time: 00:03:06

Health: -1/48      AC:  1    Str: 16    XL:     4   Next: 10%
Magic:  5/5        EV: 10    Int: 11    God:
Gold:   118        SH:  0    Dex: 11    Spells: 3/3 levels left

rFire    . . .     SeeInvis .   a - +0 flail
rCold    . . .     Faith    .   (no shield)
rNeg     . . .     Spirit   .   i - -2 robe (curse)
rPois    .         Reflect  .   (helmet restricted)
rElec    .         Harm     .   (no cloak)
rCorr    .         Rampage  .   (gloves unavailable)
Will     .....                  (boots unavailable)
Stlth    +.........             (no amulet)
HPRegen  0.16/turn              (no ring)
MPRegen  0.09/turn              (no ring)

@: confused, attractive
A: large, unfitting armour, tough skin 1
a: no special abilities


You were on level 3 of the Dungeon.
You visited 1 branch of the dungeon, and saw 3 of its levels.

You collected 118 gold pieces.

Inventory:

Hand Weapons
 a - a +0 flail (weapon)
Missiles
 c - 59 stones (quivered)
Armour
 b - a +1 robe
 i - a cursed -2 robe (worn)
Jewellery
 h - a cursed amulet of inaccuracy {unknown}
Scrolls
 f - 6 scrolls of identify
Potions
 g - a potion of attraction


   Skills:
 - Level 4.0 Fighting
 + Level 3.0 Maces & Flails
 * Level 1.2 Throwing
 * Level 1.1 Armour
 - Level 2.6 Dodging
 - Level 1.4 Stealth
 * Level 1.8 Invocations
 * Level 1.1 Evocations


You had 3 spell levels left.
You didn't know any spells.
Your spell library was empty.

Dungeon Overview and Level Annotations

Branches:
Dungeon (2/15)

Altars:

Annotations:
D:3 Sigmund


Innate Abilities, Weirdness & Mutations

You are too large for most types of armour.
You have tough skin. (AC +1)


Message History

It was a potion of heal wounds.
You feel much better. Sigmund barely misses you.
You bump into the rock wall.
Sigmund casts a spell at himself.
Sigmund flickers and vanishes!
Deactivating autopickup; reactivate with Ctrl-A.
Something hits you!
* * * LOW HITPOINT WARNING * * *
You bump into the rock wall.
You hear some strange, mumbled words.
You are more confused.
You bump into the rock wall.
It was a potion of attraction.
You feel attractive to monsters. Something hits you!
* * * LOW HITPOINT WARNING * * *
x2 Something is pulled toward you!
Okay, then.
You bump into the rock wall.
Something hits you.
You die...

###############
.......@......#
###.####.####.#
+.+..#.# #.#..#.#
+#.##+#.##'#.##+#.#
..........†.......#
+#.##+#.##'#.##+#.#
#.#..#.# #.#..+.+


There were no monsters in sight!

Vanquished Creatures
  Terence (D:2)
  An ooze (D:1)
  A dart slug (D:2)
  A giant cockroach (D:1)
  6 hobgoblins
  4 jackals (D:1)
  3 kobolds
  6 bats
  A frilled lizard (D:1)
  A goblin (D:2)
  4 rats
29 creatures vanquished.

Notes
Turn   | Place    | Note
-------+----------+-------------------------------------------
     0 | D:1      | Gadfly the Ogre Monk began the quest for the Orb.
     0 | D:1      | Reached XP level 1. HP: 24/24 MP: 1/1
    97 | D:1      | HP: 1/24 [hobgoblin/+0 club (3)]
   104 | D:1      | Reached XP level 2. HP: 2/32 MP: 2/2
   676 | D:1      | Reached skill level 1 in Invocations
   823 | D:1      | Reached XP level 3. HP: 34/39 MP: 3/3
  1480 | D:2      | Noticed Terence
  1489 | D:2      | Killed Terence
  1490 | D:2      | Reached skill level 1 in Throwing
  1490 | D:2      | Reached skill level 1 in Armour
  1490 | D:2      | Reached skill level 1 in Evocations
  1495 | D:2      | Reached XP level 4. HP: 37/48 MP: 3/5
  1863 | D:2      | You fall into a shaft and drop 1 floor!
  1899 | D:3      | Noticed Sigmund
  1914 | D:3      | Slain by Sigmund

Illustrated notes

Levels and vault maps discovered:
D:1:      dpeg_arrival_central, layout_basic
D:2:      layout_basic, minmay_fractal_squares_gapless_5, uniq_terence
D:3:      minmay_door_path, layout_loops_corners, eino_tiny_chamber,
          uniq_natasha, uniq_sigmund

Skill      XL: |  1  2  3  4 |
---------------+-------------+-----
Invocations    | 1 |  1.8
Throwing       | 1 |  1.2
Armour         | 1 |  1.1
Evocations     | 1 |  1.1
Maces & Flails | 3 |  3.0
Fighting       | |  4.0
Dodging        | |  2.6
Stealth        | |  1.4

Action                   |  1- 3 |  4- 6 || total
-------------------------+-------+-------++-------
Melee: Mace              |    77 |       ||    77
       Flail             |     7 |    17 ||    24
Throw: Stone             |    17 |     3 ||    20
  Use: Scroll            |     5 |     1 ||     6
       Potion            |       |     2 ||     2
 Stab: Sleeping          |     2 |     1 ||     3
Armor: Robe              |    36 |     1 ||    37
Dodge: Dodged            |    78 |     8 ||    86
